 Dungeon Crawl Stone Soup version bcrawl-1.27.3 (webtiles) character file.

Game seed: 16586768182600755652

234579 Freyura the Skirmisher (level 6, -2/39 HPs)
             Began as a Gargoyle Fighter on Aug 2, 2020.
             Killed by divine providence
             ... invoked by an orc priest
              (12 damage)
             ... on level 4 of the Dungeon.
             The game lasted 00:06:11 (2394 turns).

Freyura the Skirmisher (Gargoyle Fighter)           Turns: 2394, Time: 00:06:12

Health: -2/39      AC: 12    Str: 19    XL:     6   Next: 81%
Magic:  6/6        EV:  6    Int:  9    God:
Gold:   182        SH: 11    Dex: 13    Spells: 5/5 levels left

rFire    . . .     SeeInvis .   i - +0 mace (drain)
rCold    . . .     Gourm    .   c - +1 medium shield
rNeg     + . .     Faith    .   n - +2 ring mail {rPois}
rPois    ∞         Spirit   .   (no helmet)
rElec    +         Reflect  .   (no cloak)
rCorr    .         Harm     .   (no gloves)
MR       .....                  (no boots)
Stlth    +.........             l - amulet of magic regeneration
HPRegen  0.13/turn              (no ring)
MPRegen  0.35/turn              (no ring)

@: no status effects
A: talons 1, thin skeletal structure 1, negative energy resistance 1,
electricity resistance, unbreathing, petrification resistance, rot immunity,
subdued magic 1, AC +4
a: no special abilities


You were on level 4 of the Dungeon.
You were hungry.

You visited 1 branch of the dungeon, and saw 4 of its levels.

You collected 182 gold pieces.

Inventory:

Hand Weapons
 a - a +0 flail
 i - a +0 mace of draining (weapon)
Armour
 b - a +0 scale mail
 c - a +1 medium shield (worn)
 k - a +0 ring mail
 n - a +2 ring mail of poison resistance (worn)
Jewellery
 l - an amulet of magic regeneration (around neck)
Scrolls
 f - 2 scrolls of amnesia
 g - a scroll of identify
 h - 4 scrolls of remove curse
Potions
 d - 3 potions of might
 j - 2 potions of mutation
 m - a potion of brilliance
 p - a potion of lignification {unknown}
Comestibles
 e - 7 rations {!d}
 o - a chunk of flesh


   Skills:
 + Level 4.6 Fighting
 * Level 4.6 Maces & Flails
 + Level 4.6 Armour
 + Level 4.6 Shields


You had 5 spell levels left.
You didn't know any spells.
Your spell library contained the following spells:

 Spells                   Type           Power        Failure   Level  Hunger
 Magic Dart               Conj           #...         100%        1    None
 Blink                    Tloc           N/A          100%        2    ####...
 Call Imp                 Summ           #.....       100%        2    ####...
 Conjure Flame            Conj/Fire      #.......     100%        3    #####..
 Mephitic Cloud           Conj/Pois/Air  #.......     100%        3    #####..
 Spider Form              Tmut/Pois      #..          100%        3    #####..
 Iskenderun's Battlesphe  Conj/Chrm      #.......     100%        5    #######
 Piercing Shot            Chrm           #.........   100%        5    #######
 Silence                  Hex/Air        #.........   100%        5    #######
 Death Channel            Chrm/Necr      #.........   100%        6    #######
 Deflect Missiles         Chrm/Air       #.........   100%        6    #######
 Infestation              Hex/Tmut/Pois  #........    100%        6    #######
 Haunt                    Necr/Summ      #.........   100%        7    #######
 Borgnjor's Revivificati  Necr           #.........   100%        8    #######
 Discord                  Hex            #.........   100%        8    #######
 Necromutation            Tmut/Necr      #.......     100%        8    #######


Dungeon Overview and Level Annotations

Branches:
Dungeon (4/12)
 Temple: D:4-7

Altars:
Elyvilon
Fedhas
Gozag
Nemelex Xobeh


Innate Abilities, Weirdness & Mutations

You are resistant to torment.
Your stone body is resilient. (AC +4)
You are immune to poison.
You resist negative energy. (rN+)
You are resistant to electric shocks. (rElec)
You can survive without breathing.
You are immune to petrification.
You are immune to rotting.
You have sharp toenails.
You have a somewhat thin skeletal structure. (Dex +2, Stealth)
Your spells are a little easier to cast, but a little less powerful.


Message History

Your shield prevents you from hitting the worker ant.
You claw the worker ant, but do no damage.
The worker ant is almost dead.
You block the worker ant's attack.
You sock the worker ant!
You kill the worker ant!
You hit the orc priest.
The orc priest is moderately wounded.
The orc priest calls down the wrath of Beogh upon you.
Pain shoots through your body!
* * * LOW HITPOINT WARNING * * *
You barely miss the orc priest.
The orc priest is moderately wounded.
The orc priest barely misses you.
You hit the orc priest. You drain the orc priest.
Your kick misses the orc priest.
The orc priest is severely wounded.
The orc priest calls down the wrath of Beogh upon you.
Beogh smites you!
You die...

..###.......##..#.#
#.#...........#
#.###.####..### #.
#.# #..# #. .# #..#
#..# #..#
###.####..#
......o@<.#
###.#####.# #.# ..#
###


You could see an orc priest.

Vanquished Creatures
  An ogre (D:3)
  A howler monkey (D:3)
  2 hounds (D:4)
  A bullfrog zombie (D:4)
  A centaur skeleton (D:4)
  A worker ant (D:4)
  4 adders
  An ooze (D:3)
  An adder skeleton (D:4)
  2 adder zombies (D:4)
  2 worms
  4 leopard geckos
  9 orcs
  4 giant cockroaches
  2 goblins
  10 hobgoblins
  4 jackals (D:2)
  A quokka (D:3)
  A ball python (D:2)
  3 bats
  2 frilled lizards (D:2)
  5 kobolds
  A quokka zombie (D:4)
  6 rats
69 creatures vanquished.

Notes
Turn   | Place    | Note
-------+----------+-------------------------------------------
     0 | D:1      | Freyura the Gargoyle Fighter began the quest for the Orb.
     0 | D:1      | Reached XP level 1. HP: 14/14 MP: 1/1
   216 | D:1      | Reached XP level 2. HP: 13/19 MP: 2/2
   685 | D:2      | Found a white marble altar of Elyvilon.
   829 | D:2      | Reached XP level 3. HP: 22/23 MP: 3/3
  1091 | D:2      | Found an opulent altar of Gozag.
  1380 | D:2      | Gained mutation: Your spells are a little easier to cast,
                  | but a little less powerful. [potion of mutation]
  1380 | D:2      | Gained mutation: You have a somewhat thin skeletal
                  | structure. (Dex +2, Stealth) [potion of mutation]
  1380 | D:2      | Gained mutation: You have sharp toenails. [potion of
                  | mutation]
  1452 | D:3      | Reached XP level 4. HP: 25/29 MP: 4/4
  1603 | D:3      | Noticed an ogre
  1609 | D:3      | Killed an ogre
  1609 | D:3      | Reached XP level 5. HP: 33/33 MP: 5/5
  1979 | D:3      | Found a blossoming altar of Fedhas.
  2015 | D:3      | Found a sparkling altar of Nemelex Xobeh.
  2200 | D:4      | Reached XP level 6. HP: 38/39 MP: 6/6
  2394 | D:4      | Killed from afar by an orc priest

Skill      XL: |  1  2  3  4  5 |
---------------+----------------+-----
Maces & Flails | 3 4 |  4.6
Fighting       | 4 |  4.6
Armour         | 4 |  4.6
Shields        | 4 |  4.6

Action                   |  1- 3 |  4- 6 || total
-------------------------+-------+-------++-------
Melee: Mace              |   101 |   114 ||   215
       Flail             |     6 |       ||     6
       Kick              |       |    37 ||    37
  Use: Scroll            |     4 |     2 ||     6
       Potion            |     1 |       ||     1
  Eat: Chunk             |     5 |     7 ||    12
Armor: Scale mail        |     9 |       ||     9
       Ring mail         |    54 |    57 ||   111
Dodge: Dodged            |    31 |    30 ||    61
Block: Medium shield     |    51 |    60 ||   111
